 Dungeon Crawl Stone Soup version 0.30-b1-2-g02819fbbbe (webtiles) character file.

Game seed: 7137208528233727113

141316 sanka the Alchemist (level 16, 0/141 HPs)
             Began as a Demigod Enchanter on May 17, 2023.
             Slain by a jumping spider (6 damage)
             ... on level 3 of the Lair of Beasts.
             The game lasted 01:17:21 (35936 turns).

sanka the Alchemist (Demigod Enchanter)            Turns: 35936, Time: 01:17:22

Health: 0/141      AC: 12    Str:  8 (9)  XL:     16   Next: 26%
Magic:  6/35       EV: 21    Int: 39      God:
Gold:   1032       SH:  0    Dex: 15 (16) Spells: 4/35 levels left

rFire   . . .        a - +11 short sword "Beast's Demise" {heavy, rC+ Int+2 SInv Stlth-}
rCold   + + .        (no shield)
rNeg    + . .        j - +2 robe {Will+}
rPois   .            h - +0 helmet
rElec   .            p - +2 cloak {Will+}
rCorr   .            g - +2 pair of gloves
SInv    +            b - +0 pair of boots
Will    +++..        Z - amulet "Aneynolek" {Acrobat rC+ rN+ Dex+2}
Stlth   +            I - ring of wizardry
HPRegen 0.43/turn    W - +5 ring of evasion
MPRegen 0.24/turn

%: acrobat, wizardry (x1)
@: mighty, very slightly contaminated
A: high MP 1, forlorn, divine attributes, screaming 1, no potion heal 1
a: no special abilities


You were on level 3 of the Lair of Beasts.
You visited 5 branches of the dungeon, and saw 25 of its levels.
You also visited: Gauntlet and Ice Cave.

You collected 2542 gold pieces.
You spent 1510 gold pieces at shops.

Inventory:

Hand Weapons
 a - the +11 short sword "Beast's Demise" (weapon) {heavy, rC+ Int+2 SInv Stlth-}
   (You found it on level 15 of the Dungeon)

   Int:       It affects your intelligence (+2).
   rC:        It protects you from cold.
   SInv:      It lets you see invisible.
   Stlth:     It makes you less stealthy.
Armour
 b - a +0 pair of boots (worn)
 g - a +2 pair of gloves (worn)
 h - a +0 helmet (worn)
 j - a +2 robe of willpower (worn)
 p - a +2 cloak of willpower (worn)
 O - the +1 robe of Vines {NoPotionHeal Regen++++}
   (You found it on level 2 of the Lair of Beasts)

   NoPotionHeal: Its wearer cannot be healed by potions.
   Regen:     It increases your rate of health regeneration.
Magical Staves
 q - a staff of death
Jewellery
 l - the ring of Dilal {rC+ Str+3 Stlth+}
   (You found it in a Gauntlet)

   [ring of protection from cold]

   Str:       It affects your strength (+3).
   rC:        It protects you from cold.
   Stlth:     It makes you more stealthy.
 n - a ring of willpower
 I - a ring of wizardry (left hand)
 W - a +5 ring of evasion (right hand)
 Z - the amulet "Aneynolek" (around neck) {Acrobat rC+ rN+ Dex+2}
   (You bought it in a shop on level 2 of the Orcish Mines)

   [amulet of the acrobat]

   It increases your evasion while moving and waiting.
   Dex:       It affects your dexterity (+2).
   rC:        It protects you from cold.
   rN:        It protects you from negative energy.
Wands
 e - a wand of paralysis (5)
 D - a wand of digging (10)
 E - a wand of roots (30)
 K - a wand of acid (14)
 S - a wand of polymorph (5)
Scrolls
 d - 16 scrolls of teleportation {@r4}
 f - 2 scrolls of summoning
 i - a scroll of amnesia
 k - a scroll of fog
 s - a scroll of identify {@r1}
 t - 2 scrolls of blinking
 F - 2 scrolls of noise {!r}
 G - a scroll of fear
 M - a scroll of torment {!r}
 N - 2 scrolls of silence {!r}
Potions
 m - 3 potions of flight
 o - 3 potions of attraction {!q}
 r - 7 potions of haste {@q3}
 u - 3 potions of brilliance
 w - 4 potions of mutation {!q}
 z - a potion of heal wounds {@q2}
 A - 2 potions of might
 B - 3 potions of curing {@q1}
 H - 2 potions of magic
 J - 4 potions of resistance
 Q - 2 potions of berserk rage {!q}
 R - 2 potions of cancellation
Miscellaneous
 C - a box of beasts
 X - a phantom mirror
 Y - a lightning rod (4/4)


   Skills:
 + Level 12.7 Fighting
 - Level 0.8 Short Blades
 - Level 8.0 Dodging
 - Level 2.6 Stealth
 + Level 12.7 Unarmed Combat
 - Level 10.0 Spellcasting
 - Level 5.0 Hexes
 - Level 15.0 Transmutations
 - Level 10.0 Air Magic
 - Level 2.0 Earth Magic


You had 4 spell levels left.
You knew the following spells:

 Your Spells              Type           Power      Damage    Failure   Level
a - Irradiate             Conj/Tmut      33%        3d22      1%          5
b - Ozocubu's Armour      Ice            19%        N/A       2%          3
c - Dragon Form           Tmut           47%        N/A       1%          7
d - Spider Form           Tmut/Pois      67%        N/A       1%          3
e - Statue Form           Tmut/Erth      48%        N/A       3%          6
f - Storm Form            Tmut/Air       43%        N/A       4%          7

Your spell library contained the following spells:

 Spells                   Type           Power      Damage    Failure   Level
 Beastly Appendage        Tmut           100%       N/A       0%          1
 Wereblood                Tmut           94%        N/A       0%          2
 Apportation              Tloc           38%        N/A       1%          1
 Magic Dart               Conj           76%        1d6       1%          1
 Necrotise                Necr           76%        1d7       1%          1
 Sandblast                Erth           70%        2d15      1%          1
 Sting                    Tmut/Pois      100%       1d8       1%          1
 Summon Small Mammal      Summ           76%        N/A       1%          1
 Call Imp                 Summ           38%        N/A       1%          2
 Cigotuvi's Dreadful Rot  Necr/Pois/Air  90%        N/A       1%          2
 Ensorcelled Hibernation  Hex/Ice        78%        N/A       1%          2
 Lesser Beckoning         Tloc           38%        N/A       1%          2
 Passwall                 Tmut/Erth      60%        N/A       1%          2
 Sublimation of Blood     Necr           19%        N/A       1%          2
 Confusing Touch          Hex            55%        N/A       1%          3
 Dazzling Flash           Conj/Hex       78%        N/A       1%          3
 Inner Flame              Hex/Fire       39%        N/A       1%          3
 Mephitic Cloud           Conj/Pois/Air  45%        N/A       1%          3
 Swiftness                Air            78%        N/A       1%          3
 Tukima's Dance           Hex            55%        N/A       1%          3
 Ice Form                 Ice/Tmut       67%        N/A       1%          4
 Leda's Liquefaction      Hex/Erth       23%        N/A       1%          4
 Petrify                  Tmut/Erth      72%        N/A       1%          4
 Summon Lightning Spire   Summ/Air       55%        N/A       1%          4
 Frozen Ramparts          Ice            38%        1d6       2%          3
 Gell's Gravitas          Tloc           19%        N/A       2%          3
 Teleport Other           Tloc           19%        N/A       2%          3
 Volatile Blastmotes      Fire/Tloc      38%        2d13      2%          3
 Animate Dead             Necr           19%        N/A       8%          4
 Dispel Undead            Necr           19%        3d11      8%          4
 Olgreb's Toxic Radiance  Pois           19%        N/A       8%          4
 Summon Ice Beast         Ice/Summ       19%        N/A       8%          4
 Metabolic Englaciation   Hex/Ice        19%        N/A       8%          5
 Lee's Rapid Deconstruct  Erth           17%        3d11*     9%          5
 Fireball                 Conj/Fire      9%         3d6       21%         5
 Maxwell's Capacitive Co  Air            39%        ∞         58%         8
 Death Channel            Necr           9%         N/A       71%         6
 Starburst                Conj/Fire      9%         6d5       71%         6
 Necromutation            Tmut/Necr      33%        N/A       89%         8
 Haunt                    Necr/Summ      9%         N/A       99%         7
 Ozocubu's Refrigeration  Ice            9%         4d9       99%         7
 Infestation              Necr           9%         N/A       100%        8


Dungeon Overview and Level Annotations

Branches:
Dungeon (15/15)            Temple (0/1) D:4            Lair (5/5) D:11
  Swamp (0/4) Lair:3       Spider (2/4) Lair:3        Slime (1/5) Lair:4
    Orc (2/2) D:10            Elf (0/3) Orc:2        Vaults (0/5) D:13
 Depths (0/4) D:15          IceCv (visited)         Gauntlet (visited)

Shops:
D:4 **   D:14 !   Orc:1 *   Orc:2 *:(=

Portals:
Abyss: Lair:2
Trove: D:15 (show abyssal rune of Zot)


Innate Abilities, Weirdness & Mutations

You have an increased reservoir of magic. (+10% MP)
You shall have no god before yourself.
Your divine heritage dramatically boosts your attributes as you level up.
You occasionally shout uncontrollably at your foes.
Potions are less effective at restoring your health.


Message History

Unknown command.
Unknown command.
Your system partially rejects the healing.
You feel much better.
The jumping spider leaps! x2
Unknown command.
Unknown command.
Unknown command.
Unknown command.
Unknown command.
You feel very mighty all of a sudden. The jumping spider misses you.
The jumping spider barely misses you.
The jumping spider pounces on you but does no damage.
The jumping spider closely misses you.
Unknown command.
You puncture the jumping spider! Your punch misses the jumping spider.
The jumping spider is heavily wounded.
The jumping spider misses you. The jumping spider bites you.
* * * LOW HITPOINT WARNING * * *
The jumping spider pounces on you.
* * * LOW HITPOINT WARNING * * *
The jumping spider bites you but does no damage.
Your system partially rejects the healing.
You feel better. The jumping spider pounces on you!
* * * LOW HITPOINT WARNING * * *
You are caught in a web!
The jumping spider barely misses you.
Unknown command.
The jumping spider closely misses you. The jumping spider misses you.
The jumping spider pounces on you!
* * * LOW HITPOINT WARNING * * *
You are caught in a web!
The jumping spider bites you but does no damage.
Unknown command.
The jumping spider pounces on you.
* * * LOW HITPOINT WARNING * * *
The jumping spider bites you but does no damage.
Unknown command.
You puncture the jumping spider!
The jumping spider is almost dead.
The jumping spider pounces on you.
You die...

...........P..##.##....#P.#......
.......................####......
.......................# #....###
.......................####.###
............................#
....................###.#P..##
##.#.....####.#....## ####...# ♣#
P....#...# ##...s..# #...####.
.....#...## ##.@..## #.....#♣.
.....#....# #......# ##.......
.........## ##....## ##..#..♣.
..........## #.....#####....##..
.♣.♣.♣...#.# #.............##♣♣.
.....♣...######.............##...
.....♣...###.#......#+...#..<..♣.
.....#....##†#...§...............
.....♣....÷.....§§.......P....P#.


You could see a jumping spider.

Vanquished Creatures
  Jorgrun (Orc:1)
  Gastronok (Lair:1)
  Roxanne (Spider:1)
  2 emperor scorpions
  A cacodemon (Lair:2)
  A ghost moth (Spider:1)
  An orc warlord (Orc:2)
  A reaper (Gauntlet)
  The ghost of Raspi the Unseen, a journeyman KoFi of Dithmenos (Lair:5)
  A spark wasp (Spider:1)
  A minotaur (Gauntlet)
  3 dire elephants (Lair:5)
  An ettin (D:15)
  Snorg (D:12)
  Harold (Orc:1)
  An entropy weaver (Spider:1)
  Josephine (Lair:5)
  The ghost of ak47sunrisetnf the Cleaver, a journeyman DrFi of Gozag (Orc:1)
  The ghost of Dyddit the Marksgargoyle, a journeyman GrHu of Gozag (Lair:2)
  A rakshasa (Lair:2)
  Erolcha (D:9)
  6 hydras
  5 boulder beetles
  4 centaur warriors
  A catoblepas (Lair:2)
  An anaconda (Lair:5)
  7 two-headed ogres
  An alligator (Lair:5)
  19 death yaks
  2 tengu warriors
  Urug (Orc:1)
  A spectral death yak (Lair:5)
  3 pharaoh ants (Spider:1)
  3 deep trolls (D:15)
  4 skeletal warriors (D:13)
  A spectral anaconda (Lair:5)
  An obsidian statue (Lair:5)
  A lindwurm (Lair:4)
  Lodul (D:11)
  Pikel (D:8)
  A bog body (IceCv)
  A deep elf pyromancer (D:15)
  6 necromancers
  A wolf spider zombie (D:13)
  8 orc knights
  3 wolf spiders
  4 manticores (D:14)
  3 cyclopes (Orc:1)
  17 ugly things
  3 orc sorcerers
  An oklob plant (Lair:2)
  22 elephants
  Maurice (D:12)
  A moth of wrath (Orc:1)
  2 ice statues (IceCv)
  3 demonic crawlers
  5 black mambas
  A guardian serpent (shapeshifter) (D:15)
  2 rust devils
  9 centaur zombies (D:13)
  A black mamba (shapeshifter) (D:14)
  A gargoyle (D:13)
  8 cane toads
  2 torpor snails
  A dire elephant skeleton (Lair:5)
  2 kobold demonologists (D:11)
  5 rime drakes
  A guardian mummy (D:15)
  3 freezing wraiths
  8 ice devils (IceCv)
  16 komodo dragons
  An efreet (D:15)
  2 anaconda simulacra (IceCv)
  6 trolls
  2 tengu conjurers (D:15)
  9 tarantellas
  2 polar bears
  A hellwing (Gauntlet)
  Grinder (D:6)
  A hornet (D:9)
  A spectral elephant (Lair:5)
  26 blink frogs
  6 dream sheep (Lair:3)
  A shadow (D:9)
  32 yaks
  5 jumping spiders (Spider:1)
  5 slime creatures (D:14)
  A spriggan (Lair:2)
  2 dire elephant simulacra (IceCv)
  A vampire (D:11)
  4 wraiths (Lair:5)
  Eustachio (D:6)
  4 culicivoras (Spider:1)
  A ynoxinul (Gauntlet)
  A wyvern (Lair:5)
  4 basilisks
  2 steam dragons
  8 redbacks
  2 death yak simulacra
  3 harpy simulacra (IceCv)
  17 wargs
  4 dancing weapons
  3 hydra simulacra (IceCv)
  2 acid dragons
  16 water moccasins
  Duvessa (D:6)
  44 orc warriors
  A swamp drake (Lair:3)
  A hornet zombie (D:13)
  An elephant zombie (Lair:5)
  An ice beast (D:7)
  3 black bears
  13 ogres
  17 centaurs
  19 wolves
  3 boggarts (D:15)
  A lemure (D:8)
  2 phantoms (D:6)
  4 kobold brigands
  12 bullfrogs
  2 gnoll sergeants
  A two-headed ogre simulacrum (IceCv)
  4 scorpions
  3 wights (D:10)
  Dowan (D:6)
  An elephant simulacrum (IceCv)
  5 killer bees (D:8)
  4 electric eels
  5 howler monkeys
  9 orc priests
  2 hounds
  2 jellies
  4 iron imps (Gauntlet)
  4 gnoll boudas
  6 iguanas
  2 sleepcaps (D:5)
  2 boggart zombies (D:13)
  13 orc wizards
  5 hell rats
  A troll simulacrum (IceCv)
  5 adders
  32 gnolls
  A shadow imp (Gauntlet)
  A white imp (D:6)
  An ufetubus (D:5)
  A worm (D:2)
  71 orcs
  5 ball pythons
  6 endoplasms
  A giant cockroach (D:3)
  16 goblins
  16 hobgoblins
  6 jackals
  4 quokkas
  5 bats
  3 frilled lizards
  22 kobolds
  9 rats
  A butterfly (D:5)
811 creatures vanquished.

Vanquished Creatures (collateral kills)
  An orc (D:9)
  A kobold (D:10)
2 creatures vanquished.

Vanquished Creatures (others)
  3 dancing weapons
  An orc wizard (Orc:2)
  16 fungi
  40 plants
  15 withered plants (Lair:5)
75 creatures vanquished.

Grand Total: 888 creatures vanquished

Notes
Turn   | Place    | Note
-------+----------+-------------------------------------------
     0 | D:1      | sanka the Demigod Enchanter began the quest for the Orb.
     0 | D:1      | Reached XP level 1. HP: 14/14 MP: 5/5
   168 | D:1      | Reached XP level 2. HP: 19/20 MP: 7/7
   987 | D:2      | Reached XP level 3. HP: 26/26 MP: 8/8
   991 | D:2      | Got the Lectures on Xenomorphic Envenoming
  2148 | D:3      | Reached XP level 4. HP: 6/33 MP: 9/9
  2289 | D:3      | HP: 1/33 [orc priest/divine providence (13)]
  2294 | D:3      | Reached skill level 5 in Hexes
  2311 | D:3      | Reached skill level 1 in Fighting
  2593 | D:2      | Reached XP level 5. HP: 24/41 MP: 10/10
  2984 | D:3      | Learned a level 3 spell: Confusing Touch
  2988 | D:3      | Learned a level 3 spell: Tukima's Dance
  3248 | D:4      | Reached skill level 1 in Transmutations
  3347 | D:4      | Found a staircase to the Ecumenical Temple.
  3420 | D:4      | Reached skill level 2 in Transmutations
  3527 | D:4      | Found Laoxes's General Store.
  3529 | D:4      | Found Zithue Refi's Specific Store.
  3545 | D:4      | Bought a potion of haste for 100 gold pieces
  3566 | D:4      | Noticed an ogre
  3583 | D:4      | Killed an ogre
  3584 | D:4      | Reached XP level 6. HP: 48/48 MP: 6/11
  3945 | D:4      | Reached skill level 3 in Transmutations
  4116 | D:5      | Entered Level 5 of the Dungeon
  4376 | D:5      | Reached skill level 4 in Transmutations
  4610 | D:5      | Reached skill level 5 in Transmutations
  4610 | D:5      | Reached XP level 7. HP: 28/55 MP: 9/13
  4860 | D:5      | Reached skill level 6 in Transmutations
  4935 | D:5      | Got the Elucidation of Embers
  5632 | D:6      | Reached skill level 7 in Transmutations
  6217 | D:6      | Reached XP level 8. HP: 53/61 MP: 11/14
  6354 | D:6      | Noticed Duvessa
  6356 | D:6      | Noticed Dowan
  6368 | D:6      | Killed Duvessa
  6369 | D:6      | Reached skill level 8 in Transmutations
  6375 | D:6      | Killed Dowan
  6607 | D:6      | HP: 3/61 [poisoned by a water moccasin]
  6945 | D:6      | Reached skill level 9 in Transmutations
  7097 | D:6      | Noticed Eustachio
  7097 | D:6      | Noticed Grinder
  7157 | D:6      | Killed Eustachio
  7323 | D:6      | Killed Grinder
  7688 | D:7      | Reached skill level 10 in Transmutations
  7996 | D:7      | Reached XP level 9. HP: 52/67 MP: 5/15
  9485 | D:8      | Noticed Pikel
  9596 | D:8      | Killed Pikel
  9597 | D:8      | Reached skill level 11 in Transmutations
 10184 | D:8      | Learned a level 7 spell: Dragon Form
 11265 | D:9      | Learned a level 3 spell: Spider Form
 11450 | D:9      | Reached skill level 12 in Transmutations
 11481 | D:9      | Noticed Erolcha
 11870 | D:9      | Reached XP level 10. HP: 47/73 MP: 11/19
 11998 | D:9      | Paralysed by a hornet for 1 turns
 12566 | D:10     | Entered Level 10 of the Dungeon
 12985 | D:9      | Killed Erolcha
 13430 | D:10     | Reached skill level 13 in Transmutations
 14048 | D:10     | Noticed a two-headed ogre
 14055 | D:10     | Killed a two-headed ogre
 14338 | D:10     | Found a staircase to the Orcish Mines.
 14517 | D:11     | Noticed a boulder beetle
 14543 | D:11     | Killed a boulder beetle
 14544 | D:11     | Reached skill level 14 in Transmutations
 14941 | D:11     | Found a staircase to the Lair.
 15005 | D:11     | Gained mutation: You occasionally shout uncontrollably at
                  | your foes. [a neqoxec]
 15668 | D:11     | Noticed Lodul
 15669 | D:11     | Noticed a brown ugly thing
 15684 | D:11     | Killed a brown ugly thing
 15685 | D:11     | Reached XP level 11. HP: 10/79 MP: 19/21
 15915 | D:11     | Killed Lodul
 16028 | Lair:1   | Entered Level 1 of the Lair of Beasts
 16106 | Lair:1   | Reached skill level 5 in Spellcasting
 16331 | Lair:1   | Noticed Gastronok
 16357 | Lair:1   | Killed Gastronok
 16358 | Lair:1   | Reached skill level 15 in Transmutations
 16358 | Lair:1   | Reached skill level 1 in Unarmed Combat
 17185 | Lair:1   | Reached skill level 5 in Fighting
 17760 | Lair:2   | Reached skill level 5 in Unarmed Combat
 17781 | Lair:2   | Reached XP level 12. HP: 95/95 MP: 21/25
 17797 | Lair:2   | Noticed a six-headed hydra
 17806 | Lair:2   | Killed a nine-headed hydra
 17826 | Lair:2   | Noticed an eight-headed hydra
 17829 | Lair:2   | Killed a ten-headed hydra
 17913 | Lair:2   | Noticed a five-headed hydra
 17917 | Lair:2   | Killed a six-headed hydra
 18057 | Lair:2   | Found a transporter.
 18286 | Lair:2   | Noticed a catoblepas
 18299 | Lair:2   | Killed a catoblepas
 18350 | Lair:2   | Noticed Dyddit's ghost (journeyman GrHu)
 18351 | Lair:2   | Noticed a cacodemon
 18404 | Lair:2   | Noticed a rakshasa
 18454 | Lair:2   | Found a transporter.
 18569 | Lair:2   | Found the +1 robe of Vines {NoPotionHeal Regen++++}
 18990 | Lair:3   | Found a staircase to the Swamp.
 19005 | Lair:3   | Found a hole to the Spider Nest.
 19015 | Lair:3   | Noticed a seven-headed hydra
 19034 | Lair:3   | Killed a nine-headed hydra
 19040 | Lair:3   | Noticed a five-headed hydra
 19044 | Lair:3   | Killed a seven-headed hydra
 20168 | Lair:4   | Reached XP level 13. HP: 111/111 MP: 26/26
 20624 | Lair:4   | Found a staircase to the Slime Pits.
 20978 | Lair:5   | Entered Level 5 of the Lair of Beasts
 21242 | Lair:5   | Reached skill level 10 in Fighting
 21265 | Lair:5   | Found a runed translucent door.
 21265 | Lair:5   | Identified the +9 great sword of Ambiguity {chaos, rF+
                  | Int+2}
 21265 | Lair:5   | Noticed Raspi's ghost (journeyman KoFi)
 21279 | Lair:5   | Killed Raspi's ghost
 21280 | Lair:5   | Reached skill level 10 in Unarmed Combat
 21657 | Lair:5   | Identified the +10 quarterstaff of Cifuaf {venom, rElec rC+
                  | Will+ rCorr}
 21712 | Lair:5   | Noticed Josephine
 21726 | Lair:5   | Killed Josephine
 22039 | Lair:5   | Reached skill level 5 in Dodging
 22688 | Lair:5   | Noticed a dire elephant
 22697 | Lair:5   | Killed a dire elephant
 23200 | Slime:1  | Entered Level 1 of the Pits of Slime
 23200 | Slime:1  | Noticed a quicksilver ooze
 23866 | Lair:5   | Noticed a dire elephant
 23867 | Lair:5   | Noticed a dire elephant
 23871 | Lair:5   | Reached XP level 14. HP: 120/120 MP: 19/27
 24192 | Lair:5   | Learned a level 6 spell: Statue Form
 24987 | Lair:5   | Reached skill level 1 in Earth Magic
 25217 | Lair:2   | Found a one-way gate to the infinite horrors of the Abyss.
 25252 | Lair:2   | Killed Dyddit's ghost
 25274 | Lair:2   | Gained mutation: Potions are less effective at restoring
                  | your health. [a cacodemon]
 25278 | Lair:2   | Killed a cacodemon
 25662 | Orc:1    | Entered Level 1 of the Orcish Mines
 25692 | Orc:1    | Noticed Harold
 25859 | Orc:1    | Killed Harold
 26110 | Orc:1    | Noticed Urug
 26115 | Orc:1    | Killed Urug
 26252 | Orc:1    | Found a transporter.
 26261 | Orc:1    | Noticed Jorgrun
 26267 | Orc:1    | Found Tonuphis's Overcharged Wands.
 26279 | Orc:1    | Killed Jorgrun
 26520 | Orc:1    | Found a transporter.
 26753 | Orc:1    | Noticed ak47sunrisetnf's ghost (journeyman DrFi)
 26784 | Orc:1    | Killed ak47sunrisetnf's ghost
 26902 | Orc:1    | Identified the ring "Jifrupam" {rF- rN+ Int+2 Dex+4 Stlth+}
 27030 | Orc:2    | Entered Level 2 of the Orcish Mines
 27276 | Orc:2    | Noticed an orc warlord
 27368 | Orc:2    | Killed an orc warlord
 27768 | Orc:2    | Found a staircase to the Elven Halls.
 28373 | Orc:2    | Found Reydgh's Weapon Shop.
 28373 | Orc:2    | Found Siataul's Book Emporium.
 28375 | Orc:2    | Found Faggim's Assorted Antiques.
 28377 | Orc:2    | Found Feaca's Jewellery Boutique.
 28566 | Orc:2    | Bought a book of the Sky for 572 gold pieces
 28569 | Orc:2    | Bought the amulet "Aneynolek" {Acrobat rC+ rN+ Dex+2} for
                  | 838 gold pieces
 28724 | D:12     | Noticed Maurice
 28730 | D:12     | Killed Maurice
 28833 | D:12     | Found a frozen archway.
 28838 | D:12     | Reached skill level 1 in Air Magic
 28867 | IceCv    | Entered an ice cave
 28996 | IceCv    | Reached XP level 15. HP: 134/134 MP: 27/29
 29544 | D:12     | Noticed Snorg
 29554 | D:12     | Killed Snorg
 30179 | D:13     | Reached skill level 5 in Air Magic
 30545 | D:13     | Found a gate to the Vaults.
 31504 | D:14     | Found Teusaf's Distillery.
 31605 | D:14     | Found a gate leading to a gauntlet.
 31616 | Gauntlet | Entered a Gauntlet
 31616 | Gauntlet | Found a transporter.
 31616 | Gauntlet | Found a transporter.
 31632 | Gauntlet | Found a transporter.
 31637 | Gauntlet | Found a runed translucent door.
 31645 | Gauntlet | Found a transporter.
 31645 | Gauntlet | Found a transporter.
 31647 | Gauntlet | Found a transporter.
 31647 | Gauntlet | Found a transporter.
 31649 | Gauntlet | Found a transporter.
 31652 | Gauntlet | Found a runed translucent door.
 31659 | Gauntlet | Found a transporter.
 31675 | Gauntlet | Found a transporter.
 31677 | Gauntlet | Found a runed translucent door.
 31685 | Gauntlet | Found a transporter.
 31699 | Gauntlet | Found a transporter.
 31719 | Gauntlet | Found a transporter.
 31733 | Gauntlet | Found a transporter.
 31903 | Gauntlet | Identified the ring of Dilal {rC+ Str+3 Stlth+}
 32622 | D:14     | Learned a level 7 spell: Storm Form
 32630 | D:14     | Learned a level 5 spell: Irradiate
 32634 | D:14     | Learned a level 3 spell: Ozocubu's Armour
 33049 | D:15     | Entered Level 15 of the Dungeon
 33854 | D:15     | Found a staircase to the Depths.
 34153 | D:15     | Identified the +11 short sword "Beast's Demise" {heavy, rC+
                  | Int+2 SInv Stlth-}
 34228 | D:15     | Reached XP level 16. HP: 65/141 MP: 23/34
 34608 | D:15     | Found a portal to a secret trove of treasure.
 35159 | Spider:1 | Entered Level 1 of the Spider Nest
 35159 | Spider:1 | Identified Roxanne's Teachings on the Crater
 35159 | Spider:1 | Noticed Roxanne
 35176 | Spider:1 | Reached skill level 10 in Spellcasting
 35820 | Spider:1 | Killed Roxanne
 35875 | Spider:1 | Reached skill level 10 in Air Magic
 35935 | Lair:3   | HP: 5/141 [jumping spider (3)]
 35936 | Lair:3   | Slain by a jumping spider

Illustrated notes

Levels and vault maps discovered:
D:1:      beargit_arrival_greenhouse, layout_loops_corners,
          ebering_ecumenical_altar_rust
D:2:      layout_loops_corners, minmay_misc_feat_x
D:3:      layout_loops_ring, serial_forest, infiniplex_forest_straight_2,
          infiniplex_forest_straight_3, infiniplex_forest_join,
          infiniplex_forest_clump_double, infiniplex_forest_end_1
D:4:      layout_basic, minmay_temple_entry_waves, nicolae_specific_store
D:5:      layout_loops_ring, xom_butterflies, moated_statue, minmay_pentangle
D:6:      layout_loops_ring, uniq_eustachio, uniq_duvessa, uniq_grinder
D:7:      layout_basic, nicolae_vehumet_radiance, serial_bayou_lagoon_a
D:8:      corexii_shantytown, layout_basic, uniq_pikel
D:9:      layout_roguey, tso_altar, uniq_erolcha
D:10:     layout_basic, orc_0_dummy, grunt_decor_cap
D:11:     layout_roguey, erik_lair_orcish_takeover, uniq_lodul
D:12:     layout_roguey, portal_ice_cave_rime, uniq_snorg, uniq_maurice
D:13:     layout_basic, erik_vaults_1, nicolae_yredelemnul_corpse_copse
D:14:     layout_irregular_city, gauntlet_entry_generic, hangedman_decor_push,
          serial_shops, shop, minmay_door_square
D:15:     hangedman_depths_entry_civil_slaughter, layout_layer_cave,
          nicolae_trove_entry_path_of_doom
Lair:1:   layout_gridlike, beast_lair_carwin_1, serial_bayou_shore_a,
          uniq_gastronok
Lair:2:   layout_roguey, gammafunk_ghost_abyssal_escape, st_stairs_13,
          hellmonk_guarded_unrand_vines
Lair:3:   layout_chaotic_city, minmay_swamp_entry_reptiles, dummy_spider_entry,
          serial_forest, infiniplex_forest_lined_room_2,
          infiniplex_forest_clump_small, infiniplex_forest_end_double,
          infiniplex_forest_clump_small, infiniplex_forest_lined_room_3,
          infiniplex_forest_straight_2, infiniplex_forest_zigzag_1,
          infiniplex_forest_end_1
Lair:4:   layout_long_grid, slime_entry_1, grunt_megastairs_3, lemuel_fruit_tree
Lair:5:   due_jungle_book, layout_hall_layers, ebering_ghost_xom, st_stairs_5,
          nicolae_lair_lakeside_cave, uniq_josephine
Spider:1: layout_spider_delve, uniq_roxanne
Spider:2: layout_spider_delve, nicolae_spider_swamp_cousins, uniq_aizul,
          uniq_kirke
Slime:1:  layout_caves
Orc:1:    layout_caves, gammafunk_ghost_berserking_beasts,
          nicolae_shop_overcharged_wands, uniq_jorgrun, uniq_harold, uniq_urug
Orc:2:    st_orc_rangers, layout_diamond_mine

Skill      XL: |  1  2  3  4  5  6  7  8  9 10 11 12 13 14 15 16 |
---------------+-------------------------------------------------+-----
Spellcasting   | 2 4 6 9 10 | 10.0
Hexes          | 3 4 5 |  5.0
Fighting       | 1 2 5 9 10 12 | 12.7
Transmutations | 2 5 7 10 12 14 15 | 15.0
Unarmed Combat | 5 8 10 12 | 12.7
Dodging        | 8 |  8.0
Earth Magic    | 2 |  2.0
Air Magic      | 2 8 10 | 10.0
Short Blades   | |  0.8
Stealth        | |  2.6

Action                     |  1- 3 |  4- 6 |  7- 9 | 10-12 | 13-15 | 16-18 || total
---------------------------+-------+-------+-------+-------+-------+-------++-------
  Melee: Dagger            |   111 |   146 |   550 |   220 |    41 |       ||  1068
         Punch             |     1 |     4 |    13 |    21 |    89 |    10 ||   138
         Rapier            |       |       |    82 |       |       |       ||    82
         Unarmed           |       |       |       |   304 |   895 |   121 ||  1320
         Tailslap          |       |       |       |    62 |   145 |    10 ||   217
         Bite              |       |       |       |    35 |   110 |     5 ||   150
         Short sword       |       |       |       |       |       |     2 ||     2
   Cast: Confusing Touch   |       |     7 |    44 |    13 |       |       ||    64
         Tukima's Dance    |       |     3 |     3 |     6 |       |       ||    12
         Dragon Form       |       |       |       |    35 |    87 |     3 ||   125
         Statue Form       |       |       |       |       |     1 |       ||     1
         Storm Form        |       |       |       |       |     4 |     4 ||     8
Ability: Breathe Fire      |       |       |       |     5 |     4 |       ||     9
         End Transformatio |       |       |       |     1 |     1 |       ||     2
         Blinkbolt         |       |       |       |       |     1 |     1 ||     2
  Evoke: Wand              |       |       |     6 |     1 |       |       ||     7
    Use: Potion            |       |     1 |    15 |       |     1 |     8 ||    25
         Scroll            |       |     7 |     4 |     4 |    12 |     3 ||    30
   Stab: Sleeping          |    13 |     2 |    11 |       |     5 |       ||    31
         Invisible         |       |     2 |       |       |       |       ||     2
         Confused          |       |     4 |    40 |    14 |       |       ||    58
         Paralysed         |       |       |     6 |     4 |       |       ||    10
         Distracted        |       |       |       |       |     1 |       ||     1
 Armour: Robe              |    25 |    35 |   111 |       |     9 |    12 ||   192
         Steam dragon scal |       |       |    24 |    56 |     1 |       ||    81
         Skin              |       |       |       |   162 |   317 |    50 ||   529
  Dodge: Dodged            |    58 |    95 |   304 |   230 |   742 |   307 ||  1736
